 Dungeon Crawl Stone Soup version 0.28.0-45-g0d030f2227 (webtiles) character file.

Game seed: 10795542322371737145

296 Naeght the Chiller (level 6, 0/49 HPs)
             Began as a Merfolk Ice Elementalist on Apr 21, 2022.
             Slain by a white imp (3 damage)
             ... on level 3 of the Dungeon.
             The game lasted 00:08:17 (4522 turns).

Naeght the Chiller (Merfolk Ice Elementalist)       Turns: 4522, Time: 00:08:18

Health: 0/49       AC:  4    Str: 10    XL:     6   Next: 34%
Magic:  12/12      EV: 12    Int: 14    God:
Gold:   71         SH:  0    Dex: 15    Spells: 12/13 levels left

rFire   . . .      SeeInvis .   p - +0 scythe
rCold   . . .      Faith    .   (shield currently unavailable)
rNeg    . . .      Spirit   .   q - +2 robe
rPois   .          Reflect  .   i - +0 hat
rElec   .          Harm     .   (no cloak)
rCorr   .          Rampage  .   (no gloves)
Will    .....                   (no boots)
Stlth   ++........              (no amulet)
HPRegen 0.16/turn               (no ring)
MPRegen 0.13/turn               (no ring)

@: no status effects
A: (nimble swimmer 2), mertail
a: no special abilities


You were on level 3 of the Dungeon.
You visited 1 branch of the dungeon, and saw 4 of its levels.

You collected 71 gold pieces.

Inventory:

Hand Weapons
 b - a +0 dagger
 p - a +0 scythe (weapon)
Missiles
 j - 9 poisoned darts (quivered)
 r - 6 javelins
Armour
 i - a +0 hat (worn)
 q - a +2 robe (worn)
Scrolls
 a - a scroll of vulnerability {unknown}
 f - 3 scrolls of identify {unknown}
 g - a scroll of immolation {unknown}
 h - a scroll of teleportation {unknown}
 k - a scroll of blinking {unknown}
 m - a scroll of fog {unknown}
 o - a scroll of enchant armour {unknown}
Potions
 c - 2 potions of invisibility {unknown}
 d - a potion of berserk rage {unknown}
 e - a potion of attraction {unknown}
 l - a potion of resistance {unknown}
 n - a potion of degeneration {unknown}


   Skills:
 - Level 4.3 Fighting
 * Level 1.4 Polearms
 - Level 2.6 Dodging
 - Level 2.1 Stealth
 - Level 4.0 Spellcasting
 - Level 5.0 Ice Magic


You had 12 spell levels left.
You knew the following spells:

 Your Spells              Type           Power      Damage    Failure   Level
a - Freeze                Ice            64%        1d8       2%          1

Your spell library contained the following spells:

 Spells                   Type           Power      Damage    Failure   Level
 Frozen Ramparts          Ice            32%        1d5       8%          3
 Ozocubu's Armour         Ice            16%        N/A       8%          3
 Hailstorm                Conj/Ice       9%         3d4       56%         4


Dungeon Overview and Level Annotations

Branches:
Dungeon (4/15)
 Temple: D:4-7

Altars:

Shops:
D:2 [   D:4 [

Annotations:
D:3 1 runed translucent door, Crazy Yiuf
D:4 Eustachio


Innate Abilities, Weirdness & Mutations

((You are very nimble when in or above water. (Stealth+, EV+, Speed+++)))
Your lower body shifts to a powerful aquatic tail in water.


Message History

Eustachio the Magnificent comes into view.
He is wielding a +0 falchion.
There is a stone staircase leading up here.
Eustachio shouts!
The orc hits you but does no damage. The white imp gestures at you.
The puff of frost hits you!
* * * LOW HITPOINT WARNING * * *
You climb upwards.
Level annotation: 1 runed translucent door, Crazy Yiuf
There is a stone staircase leading down here.
You hit the orc.
The orc is heavily wounded.
The white imp hits you but does no damage.
The orc closely misses you. The orc barely misses you.
The white imp completely misses you.
You closely miss the orc.
The orc is heavily wounded.
The white imp gestures at you. The puff of frost hits you.
* * * LOW HITPOINT WARNING * * *
The orc hits you with a +0 dagger.
* * * LOW HITPOINT WARNING * * *
The white imp gestures at you. The puff of frost misses you.
The puff of frost hits the orc!
The orc dies!
Things that are here:
a +0 dagger; a +0 robe; an orc corpse You hit the white imp but do no damage.
The white imp is lightly wounded.
The white imp hits you.
* * * LOW HITPOINT WARNING * * *
The white imp freezes you.
* * * LOW HITPOINT WARNING * * *
The white imp closely misses you.
You hit the white imp.
The white imp is heavily wounded.
The white imp hits you.
* * * LOW HITPOINT WARNING * * *
The white imp freezes you.
You die...

......########..########.........
###...[.<..............+.........
# #....######.......####.........
# #..#.# #.##.#..# ##.......#
...###.# #[......# ##.....## ###
#.# ####.#### ##...## #.# #.#
##+# #.# #5# #.# #.# #@# #.# #.#
#.##### ##.#### #.....## ##......
####...## #.....## #.....#
##...## #.....#####.##
#...........# ##...######## #####


You could see a white imp.

Vanquished Creatures
  Sigmund (D:3)
  A howler monkey (D:3)
  3 adders (D:2)
  2 dart slugs
  8 orcs
  6 endoplasms
  3 giant cockroaches
  7 goblins
  8 hobgoblins
  5 kobolds
  A quokka (D:1)
  3 ball pythons
  5 rats (D:2)
53 creatures vanquished.

Vanquished Creatures (others)
  An orc (D:3)
1 creature vanquished.

Grand Total: 54 creatures vanquished

Notes
Turn   | Place    | Note
-------+----------+-------------------------------------------
     0 | D:1      | Naeght the Merfolk Ice Elementalist began the quest for the
                  | Orb.
     0 | D:1      | Reached XP level 1. HP: 13/13 MP: 3/3
   473 | D:1      | Reached XP level 2. HP: 17/19 MP: 0/5
   888 | D:1      | Found a faded altar of an unknown god.
   995 | D:1      | Reached skill level 5 in Ice Magic
  1945 | D:2      | Found Ymago's Antique Armour Shop.
  1952 | D:2      | Reached XP level 3. HP: 24/24 MP: 3/6
  2518 | D:2      | Reached XP level 4. HP: 13/30 MP: 3/9
  3257 | D:3      | Reached skill level 1 in Fighting
  3532 | D:3      | Found a runed translucent door.
  3533 | D:3      | Noticed Crazy Yiuf
  3550 | D:3      | Noticed Sigmund
  3844 | D:3      | Killed Sigmund
  3845 | D:3      | Reached XP level 5. HP: 11/43 MP: 2/11
  3845 | D:3      | Reached XP level 6. HP: 12/49 MP: 2/12
  4346 | D:3      | Reached skill level 1 in Polearms
  4405 | D:4      | Found Xeraqolu's Armour Emporium.
  4515 | D:4      | Noticed Eustachio
  4522 | D:3      | Slain by a white imp

Illustrated notes

Levels and vault maps discovered:
D:1:      beargit_arrival_greenhouse, layout_basic,
          hellmonk_ecumenical_altar_heavens_door, minmay_misc_feat_cross
D:2:      layout_loops_corners, serial_shops, shop_fountains,
          minmay_fractal_squares_gapless_5
D:3:      layout_loops_corners, uniq_crazy_yiuf_cottage, uniq_sigmund
D:4:      layout_basic, serial_shops, nicolae_stop_n_shop_2, nicolae_shop_stone,
          nicolae_shop_statue_plus, nicolae_take_the_stairs,
          nicolae_shop_overgrown_old_shop, abandoned_shop, uniq_eustachio

Skill      XL: |  1  2  3  4  5  6 |
---------------+-------------------+-----
Ice Magic      | 5 |  5.0
Spellcasting   | 3 4 |  4.0
Fighting       | 4 |  4.3
Polearms       | 1 |  1.4
Dodging        | |  2.6
Stealth        | |  2.1

Action                   |  1- 3 |  4- 6 || total
-------------------------+-------+-------++-------
Melee: Unarmed           |    20 |       ||    20
       Dagger            |    58 |    23 ||    81
       Punch             |       |     3 ||     3
       Scythe            |       |    38 ||    38
Throw: Dart              |     4 |       ||     4
 Cast: Freeze            |    32 |    20 ||    52
 Stab: Distracted        |     1 |       ||     1
       Sleeping          |     4 |     1 ||     5
Armor: Robe              |    18 |    17 ||    35
Dodge: Dodged            |    42 |    57 ||    99
